 Dungeon Crawl Stone Soup version 0.31-a0-1206-g41278d8d1d (webtiles) character file.

Game seed: 338236381500271350

344 ytrimaz the Shield-Bearer (level 6, -14/47 HPs)
             Began as a Formicid Fighter on Dec 13, 2023.
             Demolished by an ogre
             ... wielding a +0 giant club
              (19 damage)
             ... on level 4 of the Dungeon.
             The game lasted 00:03:22 (3154 turns).

ytrimaz the Shield-Bearer (Formicid Fighter)        Turns: 3154, Time: 00:03:22

Health: -14/47     AC: 11    Str: 21    XL:     6   Next: 89%
Magic:  6/6        EV:  5    Int:  7    God:
Gold:   301        SH:  6    Dex: 15    Spells: 5/5 levels left

rFire   . . .        i - +0 triple sword
rCold   . . .        c - +0 buckler
rNeg    . . .        f - +0 plate armour
rPois   .            (helmet unavailable)
rElec   .            (no cloak)
rCorr   .            (no gloves)
SInv    +            (no boots)
Will    .....        e - amulet of the acrobat Stlth
                     (no ring)
HPRegen 0.27/turn    (no ring)
MPRegen 0.10/turn

%: acrobat
@: mighty
A: permanent stasis, dig shafts and tunnels, antennae 3, four strong arms
a: Dig, Shaft Self


You were on level 4 of the Dungeon.
You visited 1 branch of the dungeon, and saw 4 of its levels.

You collected 301 gold pieces.


Innate Abilities, Weirdness & Mutations

You cannot be hasted, slowed, berserked, paralysed or teleported.
You can dig through walls and to a lower floor.
You have a pair of large antennae on your head. (SInv)
Your four strong arms can wield two-handed weapons with a shield.


   Skills:
 - Level 3.2 Fighting
 * Level 3.6 Long Blades
 - Level 4.0 Axes
 - Level 3.2 Armour
 + Level 6.3 Shields


You had 5 spell levels left.
You didn't know any spells.
Your spell library contained the following spells:

 Spells                   Type           Power      Damage    Failure   Level
 Kiss of Death            Conj/Necr      0%         2d5       100%        1
 Confusing Touch          Hex            0%         N/A       100%        3
 Dispel Undead            Necr           0%         3d6       100%        4

Inventory:

Hand Weapons
 a - a +1 war axe
 i - a +0 triple sword (weapon)
   (You found it on level 3 of the Dungeon)
Missiles
 j - 2 throwing nets
Armour
 c - a +0 buckler (worn)
 f - a +0 plate armour (worn)
   (You found it on level 3 of the Dungeon)
 m - a +0 kite shield
   (You found it on level 2 of the Dungeon)
Jewellery
 e - an amulet of the acrobat (around neck)
   (You found it on level 3 of the Dungeon)
Scrolls
 g - 3 scrolls of amnesia
 h - 2 scrolls of enchant armour
 k - a scroll of poison
 l - 2 scrolls of fog {unknown}
 n - a scroll of fear
 o - a scroll of identify

Dungeon Overview and Level Annotations

Branches:
Dungeon (4/15) Zot: 20744
 Temple: D:4-7

Altars:
Ashenzari
Elyvilon

Shops:
D:3 = ####.#### #.....).# #.##.##.# #.##.##.# #.##.##.# #.##.##.# #.......# ####### ####.#### #...g@# #.....# #.###O# #.#.#.### ######.# ggg

#.#......
#...##.##.gg#
#.###.###
#.#.....#(.(#
#.....# #
#...#..#######
####### #
##.##.....##.##### #
####.###.##........#
#........#####.###.#


You could see an ogre and 6 goblins.


Message History

You are frozen.
The quokka bites you but does no damage.
The endoplasm hits you but does no damage. 😕 HP[-1]
You take 1 damage, and now have 44/47 hp.
You closely miss the quokka.
The quokka bites you but does no damage.
The endoplasm completely misses you.
You block the quokka's attack. 😕 HP[+1] Unknown command.
You slash the quokka!
You kill the quokka!
The endoplasm hits you but does no damage. x2
You hit the endoplasm.
The endoplasm hits you but does no damage.
You block the endoplasm's attack. 😕 HP[+1] Unknown command.
You hit the endoplasm.
You kill the endoplasm!
No target in view!
You open the door.
There is an open door here.
o - a scroll of identify 😎 HP[+1]
Your hp is fully restored (47).
Key pressed, stopping explore.
Key pressed, stopping explore.
No target in view!
You sense a monster nearby.
No target in view!
You open the door.
An ogre and 8 goblins come into view.
The goblin shouts! x7; The ogre shouts!
The goblin shouts!
There are monsters nearby!
There are monsters nearby!
There are monsters nearby!
You closely miss the goblin. The goblin hits you but does no damage.
You block the goblin's attack.
Unknown command.
You closely miss the goblin. The goblin hits you with a +0 dagger.
The goblin hits you but does no damage. x3 😕 HP[-1]
You take 1 damage, and now have 46/47 hp.
You barely miss the goblin. The goblin hits you with a +0 dagger.
The goblin hits you but does no damage. 😕 HP[-2]
You take 2 damage, and now have 44/47 hp.
You slash the goblin!
You kill the goblin!
The goblin unwields a +0 club.
The goblin wields a +0 sling.
The goblin shoots a sling bullet.
The sling bullet hits you. The goblin hits you but does no damage.
The goblin barely misses you. 😕 HP[-4]
You take 4 damage, and now have 40/47 hp.
Unknown command.
You slash the goblin!
You kill the goblin! 😕 HP[+1]
You barely miss the goblin. The goblin hits you but does no damage.
The ogre barely misses you. You block the goblin's attack.
The ogre hits you with a +0 giant club! 😮 HP[-12]
You take 12 damage, and now have 29/47 hp.
MASSIVE DAMAGE!! (PAUSE)
You barely miss the goblin. The goblin hits you but does no damage.
You block the ogre's attack.
The goblin barely misses you. 😮 HP[+1] Unknown command.
You hit the ogre. The goblin hits you but does no damage.
The ogre hits you with a +0 giant club!
* * * LOW HITPOINT WARNING * * *
😨 HP[-17]
You take 17 damage, and now have 13/47 hp.
MASSIVE DAMAGE!! (PAUSE)
You slash the ogre! You block the goblin's attack.
The ogre hits you with a +0 giant club!
* * * LOW HITPOINT WARNING * * *
The goblin hits you but does no damage. 😱 HP[-8]
You take 8 damage, and now have 5/47 hp.
Unknown command.
You hit the ogre but do no damage. The goblin hits you but does no damage.
The ogre hits you with a +0 giant club.
* * * LOW HITPOINT WARNING * * *
The goblin hits you but does no damage. 😱 HP[-4]
You take 4 damage, and now have 1/47 hp.
Unknown command.
You feel better. You block the goblin's attack.
The ogre hits you with a +0 giant club!
* * * LOW HITPOINT WARNING * * *
😱 HP[+3]
You regained 3 hp, and now have 4/47 hp.
You feel very mighty all of a sudden.
The goblin hits you but does no damage. 😱 HP[+1]
You slash the ogre!
The ogre hits you with a +0 giant club!!
You die...

Skill      XL: |  1  2  3  4  5  6 |
---------------+-------------------+-----
Axes           | 3 4 |  4.0
Shields        | 5 6 |  6.3
Long Blades    | 2 3 |  3.6
Fighting       | |  3.2
Armour         | |  3.2

Action                     |  1- 3 |  4- 6 || total
---------------------------+-------+-------++-------
  Melee: War axe           |    82 |    46 ||   128
         Triple sword      |       |    72 ||    72
    Use: Potion            |     2 |     2 ||     4
         Scroll            |       |     9 ||     9
 Armour: Scale mail        |    46 |    31 ||    77
         Plate armour      |       |    82 ||    82
  Dodge: Dodged            |    39 |    49 ||    88
  Block: Buckler           |    19 |    31 ||    50

Levels and vault maps discovered:
D:1:      lemuel_arrival_behind_the_door_small, layout_loops_cross,
          shapermc_ecumenical_altar_venn, serial_park_tiny_2,
          minmay_stone_trees_small, chequers_serial_rivers_small_3
D:2:      layout_loops_ring
D:3:      layout_loops_ring, chequers_temple_overflow_statue_of_worship,
          serial_shops, shop
D:4:      layout_loops_cross, eino_tiny_chamber, grunt_ministairs_8,
          minmay_ogre_servants, uniq_sigmund

Notes
Turn   | Place    | Note
-------+----------+-------------------------------------------
     0 | D:1      | ytrimaz the Formicid Fighter began the quest for the Orb.
     0 | D:1      | Reached XP level 1. HP: 18/18 MP: 1/1
     0 | D:1      | magus.rc [v1.9.6]
    30 | D:1      | Found a faded altar of an unknown god.
    75 | D:1      | Reached XP level 2. HP: 24/24 MP: 2/2
   251 | D:1      | Reached XP level 3. HP: 29/29 MP: 3/3
   323 | D:1      | Reached skill level 3 in Axes
   850 | D:2      | HP: 7/29 [poisoned by an adder]
   857 | D:2      | Reached XP level 4. HP: 10/35 MP: 4/4
  1509 | D:3      | Reached skill level 5 in Shields
  1764 | D:3      | Found Menohaymu's Jewellery Emporium.
  1902 | D:3      | Reached skill level 4 in Axes
  2145 | D:3      | Found a white marble altar of Elyvilon.
  2147 | D:3      | Found a broken altar of Ashenzari.
  2244 | D:3      | Reached XP level 5. HP: 41/41 MP: 5/5
  2413 | D:4      | Reached skill level 1 in Long Blades
  2489 | D:4      | You pick up a book of Touch and begin reading...
  2489 | D:4      | You add the spells Kiss of Death, Confusing Touch and
                  | Dispel Undead to your library.
  2676 | D:4      | Reached skill level 2 in Long Blades
  2895 | D:4      | Reached XP level 6. HP: 45/47 MP: 6/6
  2926 | D:4      | Noticed Sigmund
  2937 | D:4      | Killed Sigmund
  2938 | D:4      | Reached skill level 3 in Long Blades
  2938 | D:4      | Reached skill level 6 in Shields
  3141 | D:4      | Noticed an ogre
  3150 | D:4      | HP: 5/47 [ogre/+0 giant club (9)]
  3151 | D:4      | HP: 1/47 [ogre/+0 giant club (4)]
  3154 | D:4      | Demolished by an ogre

Vanquished Creatures
  Sigmund (D:4)
  A jelly (D:4)
  A sleepcap (D:4)
  7 adders
  A worm (D:4)
  A dart slug (D:1)
  5 orcs
  7 ball pythons
  10 endoplasms
  4 giant cockroaches
  6 hobgoblins
  5 quokkas
  4 frilled lizards
  4 goblins
  4 kobolds
  7 rats
68 creatures vanquished.

Table legend:
 A = Non-vault XP
 B = Vault XP
 C = Vault XP percentage of total XP
 D = Non-vault monster count
 E = Vault monster count
 F = Vault count percentage of total count
                 A         B        C        D         E       F
            +---------+---------+-------+---------+---------+-------
      Total |     260 |     232 |  47.2 |      63 |       5 |   7.4
            +---------+---------+-------+---------+---------+-------
        D:1 |      42 |       0 |   0.0 |      25 |       0 |   0.0
        D:2 |      43 |       0 |   0.0 |      13 |       0 |   0.0
        D:3 |      63 |       0 |   0.0 |      14 |       0 |   0.0
        D:4 |     112 |     232 |  67.4 |      11 |       5 |  31.2
            +---------+---------+-------+---------+---------+-------

Skill      XL: |  1  2  3  4  5  6 |
---------------+-------------------+-----
Axes           | 3 4 |  4.0
Shields        | 5 6 |  6.3
Long Blades    | 2 3 |  3.6
Fighting       | |  3.2
Armour         | |  3.2

Action                     |  1- 3 |  4- 6 || total
---------------------------+-------+-------++-------
  Melee: War axe           |    82 |    46 ||   128
         Triple sword      |       |    72 ||    72
    Use: Potion            |     2 |     2 ||     4
         Scroll            |       |     9 ||     9
 Armour: Scale mail        |    46 |    31 ||    77
         Plate armour      |       |    82 ||    82
  Dodge: Dodged            |    39 |    49 ||    88
  Block: Buckler           |    19 |    31 ||    50

Illustrated notes

Table legend:
 A = Kills in this place as a percentage of kills in the entire game.
 B = Kills by you in this place as a percentage of kills by you in the entire game.
 C = Kills by friends in this place as a percentage of kills by friends in the entire game.
 D = Other kills in this place as a percentage of other kills in the entire game.
 E = Experience gained in this place as a percentage of experience gained in the entire game.
 F = Experience gained in this place divided by the number of levels of this place that you have seen.
                   A       B       C       D       E      F
               +-------+-------+-------+-------+-------+----------------------
         Total | 100.0 | 100.0 |   N/A |   N/A | 100.0 | 123.0
       Dungeon | 100.0 | 100.0 |   N/A |   N/A | 100.0 | 123.0
               +-------+-------+-------+-------+-------+----------------------

Table legend: (Time is in decaauts)
 A = Elapsed time spent in this place.
 B = Non-inter-level travel time spent in this place.
 C = Inter-level travel time spent in this place.
 D = Time resting spent in this place.
 E = Time spent auto-exploring this place.
 F = Levels seen in this place.
 G = Mean time per level.
                   A        B        C        D        E       F      G
               +--------+--------+--------+--------+--------+-----+--------+
         Total |   3254 |   3188 |     66 |     84 |   2484 |   4 |  813.5 |
       Dungeon |   3254 |   3188 |     66 |     84 |   2484 |   4 |  813.5 |
               +--------+--------+--------+--------+--------+-----+--------+

Top non-repeatable levels by time:
     D:3: 875 daAuts
     D:4: 839 daAuts
     D:2: 835 daAuts
     D:1: 703 daAuts
